 Dungeon Crawl Stone Soup version 0.30-a0-1116-gebefce21f7 (webtiles) character file.

Game seed: 2154111736487060116

11912 Newt the Skirmisher (level 12, -1/61 HPs)
             Began as a Kobold Hunter on Apr 21, 2023.
             Was an Elder of Hepliaklqana.
             Slain by a cane toad (20 damage)
             ... on level 1 of the Lair of Beasts.
             The game lasted 00:12:24 (10298 turns).

Newt the Skirmisher (Kobold Hunter)                Turns: 10298, Time: 00:12:24

Health: -1/61      AC: 13    Str:  9    XL:     12   Next: 13%
Magic:  21/21      EV: 22    Int: 11    God:    Hepliaklqana [****..]
Gold:   1933       SH:  0    Dex: 22    Spells: 18/23 levels left

rFire   . . .      SeeInvis .    a - +2 shortbow (heavy)
rCold   . . .      Faith    .    (shield currently unavailable)
rNeg    . . .      Spirit   .    D - +0 troll leather armour
rPois   .          Reflect  .    E - +0 helmet
rElec   .          Rampage  .    t - +0 cloak
rCorr   .                        v - +0 pair of gloves
Will    +....                    p - +0 pair of boots
Stlth   +++                      (no amulet)
HPRegen 1.10/turn                f - ring of willpower
MPRegen 0.17/turn                H - +4 ring of protection

@: no status effects
A: reduced essence, small, no large weapons, nightstalker 3
a: Renounce Religion, Recall Ancestor, Ancestor Identity, Transference, Idealise


You were on level 1 of the Lair of Beasts.
You worshipped Hepliaklqana.
Hepliaklqana was greatly pleased with you.
You visited 3 branches of the dungeon, and saw 13 of its levels.
You also visited: Sewer.

You collected 1933 gold pieces.

Inventory:

Hand Weapons
 a - a +2 heavy shortbow (weapon)
 k - a +1 sling of draining
Armour
 c - a +0 leather armour
 h - the +0 scale mail of Recklessness {rC++ Int+2}
   (You found it on level 2 of the Dungeon)

   Int:       It affects your intelligence (+2).
   rC:        It greatly protects you from cold.
 p - a +0 pair of boots (worn)
 t - a +0 cloak (worn)
 v - a +0 pair of gloves (worn)
 w - +0 steam dragon scales
 y - a +1 ring mail of cold resistance
 D - a +0 troll leather armour (worn)
 E - a +0 helmet (worn)
Jewellery
 f - a ring of willpower (left hand)
 H - a +4 ring of protection (right hand)
 I - a +4 ring of protection
Wands
 F - a wand of flame (3)
 J - a wand of digging (3)
 K - a wand of polymorph (4)
Scrolls
 b - 3 scrolls of immolation
 g - 2 scrolls of fear
 n - 2 scrolls of noise
 q - 3 scrolls of poison
 r - 3 scrolls of teleportation
 s - a scroll of torment
 u - a scroll of blinking
 A - a scroll of silence {unknown}
 G - a scroll of fog {unknown}
Potions
 d - 2 potions of curing
 e - 4 potions of haste
 i - 4 potions of flight
 j - a potion of brilliance
 l - 3 potions of lignification
 m - a potion of ambrosia
 o - 11 potions of degeneration
 x - a potion of invisibility {unknown}
 z - 2 potions of might
 B - a potion of magic {unknown}
 C - 3 potions of mutation {unknown}
 L - a potion of heal wounds


   Skills:
 - Level 5.0 Fighting
 - Level 14.0 Ranged Weapons
 - Level 5.0 Armour
 - Level 10.0 Dodging
 - Level 1.3 Stealth
 - Level 6.1 Spellcasting
 + Level 3.8 Transmutations
 - Level 6.1 Ice Magic
 - Level 6.0 Invocations


You had 18 spell levels left.
You knew the following spells:

 Your Spells              Type           Power      Damage    Failure   Level
a - Frozen Ramparts       Ice            32%        1d5       6%          3
b - Wereblood             Tmut           11%        N/A       8%          2

Your spell library contained the following spells:

 Spells                   Type           Power      Damage    Failure   Level
 Freeze                   Ice            64%        1d7       1%          1
 Beastly Appendage        Tmut           22%        N/A       5%          1
 Hailstorm                Conj/Ice       10%        3d5       22%         3
 Slow                     Hex            12%        N/A       26%         1
 Spider Form              Tmut/Pois      7%         N/A       34%         3
 Confusing Touch          Hex            3%         N/A       58%         3
 Stone Arrow              Conj/Erth      6%         3d7       58%         3
 Vampiric Draining        Necr           3%         2d6       58%         3
 Animate Armour           Summ/Erth      6%         N/A       94%         4
 Olgreb's Toxic Radiance  Pois           3%         N/A       94%         4
 Discord                  Hex            1%         N/A       100%        8
 Ignition                 Fire           1%         3d3       100%        8
 Lehudib's Crystal Spear  Conj/Erth      1%         10d2      100%        8


Dungeon Overview and Level Annotations

Branches:
Dungeon (11/15)            Temple (1/1) D:4            Lair (1/5) D:10
    Orc (0/2) D:9           Sewer (visited)

Altars:
Ashenzari
Cheibriados
Dithmenos
Elyvilon
Fedhas
Gozag
Hepliaklqana
Kikubaaqudgha
Makhleb
Nemelex Xobeh
Okawaru
Qazlal
Ru
Sif Muna
Trog
Uskayaw
Vehumet
Wu Jian
Xom
Yredelemnul
Zin
The Shining One

Shops:
D:5 (   D:9 [

Annotations:
D:9 2 transporters


Innate Abilities, Weirdness & Mutations

Your life essence is reduced to manifest your ancestor. (-10% HP)
You are small and have problems with some larger weapons.
You are completely attuned to the shadows.


Message History

Found 7 stones.
Your primal bloodlust is almost over.
You hear the crackling of a melting archway nearby.
Your primal bloodlust has ended.
Found a potion of heal wounds.
L - a potion of heal wounds You shoot an arrow.
The arrow hits the bush.
The bush is lightly damaged.
Xiloxoch hits the bush but does no damage.
A cane toad comes into view.
Xiloxoch hits the bush with a +0 flail.
Found a scroll labelled IDUPHUKHUA.
Xiloxoch hits the bush but does no damage.
The cane toad gives a loud, deep croak!
The cane toad stings you.
You are poisoned.
The cane toad poisons you! The cane toad stings you!
You shoot an arrow. The arrow hits the cane toad!
The cane toad is moderately wounded.
You feel very sick. The cane toad stings you!
You are more poisoned.
The cane toad poisons you!
You shoot an arrow. The arrow hits the cane toad!!
The cane toad is severely wounded.
You feel extremely sick. The cane toad stings you!
* * * LOW HITPOINT WARNING * * *
The cane toad misses you.
You are too injured to fight recklessly!
You are too injured to fight recklessly!
You are too injured to fight recklessly!
Unknown command.
You swap places.
* * * LOW HITPOINT WARNING * * *
You feel very sick.
Xiloxoch barely misses the cane toad.
Unknown command.
You feel better. The cane toad stings you!!
You die...

#.#####...###..P..
#.# ##### ...#..
#.## ..# #.P# #..#
#.P# #.## #.###
#@#.#P# #FR.?..
#...... #......
P....## ##..#..


You could see the friendly Xiloxoch the knight and a cane toad (ally target).

Vanquished Creatures
  Nergalle (Lair:1)
  Pikel (D:5)
  Joseph (D:7)
  2 gargoyles
  3 komodo dragons (Lair:1)
  3 trolls
  Prince Ribbit (D:7)
  Grinder (D:5)
  2 blink frogs (Lair:1)
  A wraith (D:10)
  2 wyverns
  7 yaks
  A vampire (D:10)
  A steam dragon (D:7)
  An acid dragon (D:10)
  2 water moccasins
  3 orc warriors
  3 ice beasts
  11 wolves
  An ogre (D:6)
  2 centaurs
  2 kobold brigands (D:10)
  A phantom (D:6)
  4 bullfrogs
  2 gnoll sergeants
  3 scorpions (D:4)
  7 wights (D:8)
  3 howler monkeys (D:10)
  3 electric eels (D:10)
  3 hounds
  2 jellies (D:4)
  7 orc priests
  4 sleepcaps
  A gnoll bouda (D:8)
  Crazy Yiuf (D:6)
  2 iguanas
  5 orc wizards
  12 gnolls
  14 adders
  A river rat (Sewer)
  2 shadow imps
  An ufetubus (D:5)
  A worm (D:2)
  5 dart slugs
  35 orcs
  12 ball pythons
  5 endoplasms
  6 giant cockroaches
  4 goblins
  6 hobgoblins
  4 jackals (D:3)
  17 kobolds
  5 quokkas
  3 bats
  4 frilled lizards
  23 rats
260 creatures vanquished.

Vanquished Creatures (collateral kills)
  A cane toad (Lair:1)
  A blink frog (Lair:1)
  A shadow (D:10)
  2 yaks
  A swamp drake (D:9)
  An orc warrior (D:6)
  A wolf (Lair:1)
  A kobold brigand (D:8)
  A bullfrog (Lair:1)
  2 scorpions
  A wight (D:8)
  A hound (D:5)
  A jelly (D:5)
  An iguana (D:6)
  2 orc wizards (D:9)
  A gnoll (D:9)
  An adder (D:6)
  8 orcs
  A quokka (D:5)
  A kobold (D:10)
30 creatures vanquished.

Vanquished Creatures (others)
  7 knights
  An ancestor (D:5)
8 creatures vanquished.

Grand Total: 298 creatures vanquished

Notes
Turn   | Place    | Note
-------+----------+-------------------------------------------
     0 | D:1      | Newt the Kobold Hunter began the quest for the Orb.
     0 | D:1      | Reached XP level 1. HP: 12/12 MP: 1/1
   142 | D:1      | Reached XP level 2. HP: 16/18 MP: 2/2
   660 | D:1      | Reached XP level 3. HP: 17/23 MP: 3/3
  1183 | D:2      | Reached XP level 4. HP: 30/30 MP: 4/4
  1241 | D:2      | Identified the +0 scale mail of Recklessness {rC++ Int+2}
  1312 | D:2      | Found an opulent altar of Gozag.
  1537 | D:3      | Reached skill level 5 in Fighting
  1584 | D:3      | Reached skill level 6 in Ranged Weapons
  1584 | D:3      | Reached XP level 5. HP: 8/35 MP: 5/5
  1683 | D:3      | Found a glowing drain.
  1689 | Sewer    | Entered a sewer
  2270 | D:3      | Noticed an ice beast
  2271 | D:3      | Reached skill level 7 in Ranged Weapons
  2271 | D:3      | Reached XP level 6. HP: 40/40 MP: 6/6
  2279 | D:3      | Killed an ice beast
  2280 | D:3      | Reached skill level 8 in Ranged Weapons
  2925 | D:4      | Reached XP level 7. HP: 40/44 MP: 7/7
  2986 | D:4      | Found a shadowy altar of Dithmenos.
  3062 | D:4      | Reached skill level 9 in Ranged Weapons
  3069 | D:4      | Found a burning altar of Makhleb.
  3070 | D:4      | Noticed a cacodemon
  3072 | D:4      | Found a glowing silver altar of Zin.
  3285 | D:4      | Found a staircase to the Ecumenical Temple.
  3291 | Temple   | Entered the Ecumenical Temple
  3530 | Temple   | Became a worshipper of Hepliaklqana the Forgotten
  3648 | D:4      | Found a bloodstained altar of Trog.
  3728 | D:4      | Reached skill level 10 in Ranged Weapons
  4229 | D:5      | Entered Level 5 of the Dungeon
  4231 | D:5      | Identified a scroll of acquirement
  4231 | D:5      | Acquired 1359 gold pieces
  4249 | D:5      | Noticed Grinder
  4257 | D:5      | Killed Grinder
  4258 | D:5      | Reached skill level 5 in Dodging
  4258 | D:5      | Reached XP level 8. HP: 34/49 MP: 8/8
  4329 | D:5      | Reached * piety under Hepliaklqana
  4438 | D:5      | Found a blossoming altar of Fedhas.
  4453 | D:5      | Noticed Pikel
  4469 | D:5      | Killed Pikel
  4519 | D:5      | Learned a level 3 spell: Frozen Ramparts
  4675 | D:5      | Reached XP level 9. HP: 48/48 MP: 14/14
  4802 | D:5      | Found Uxkyon's Weapon Shop.
  4870 | D:5      | Found a shimmering altar of Xom.
  5294 | D:6      | Reached ** piety under Hepliaklqana
  5295 | D:6      | Remembered your ancestor Xiloxoch as a knight
  5360 | D:6      | Found a runed translucent door.
  5363 | D:6      | Noticed Crazy Yiuf
  5365 | D:6      | Killed Crazy Yiuf
  5569 | D:6      | Reached skill level 5 in Spellcasting
  5569 | D:6      | Reached skill level 5 in Ice Magic
  6628 | D:7      | Reached *** piety under Hepliaklqana
  6889 | D:7      | Noticed Prince Ribbit
  6900 | D:7      | Killed Prince Ribbit
  6901 | D:7      | Reached XP level 10. HP: 53/53 MP: 19/19
  7071 | D:7      | Noticed Joseph
  7086 | D:7      | Killed Joseph
  7087 | D:7      | Reached skill level 5 in Invocations
  7470 | D:8      | Found a radiant altar of Vehumet.
  7470 | D:8      | Found a snail-covered altar of Cheibriados.
  7537 | D:8      | Identified the +3 long sword of Haedist {flame, SInv}
  7625 | D:8      | Reached skill level 11 in Ranged Weapons
  7803 | D:8      | Noticed a gargoyle
  7814 | D:8      | Killed a gargoyle
  7819 | D:8      | Reached skill level 12 in Ranged Weapons
  7968 | D:8      | Found an ancient bone altar of Kikubaaqudgha.
  8429 | D:9      | Reached skill level 13 in Ranged Weapons
  8462 | D:9      | Found a staircase to the Orcish Mines.
  8606 | D:9      | Found Yhailea's Armour Shoppe.
  8633 | D:9      | Reached XP level 11. HP: 56/56 MP: 20/20
  8640 | D:9      | Reached skill level 14 in Ranged Weapons
  8640 | D:9      | Reached skill level 1 in Armour
  8650 | D:9      | Reached **** piety under Hepliaklqana
  8680 | D:9      | Found a transporter.
  8680 | D:9      | Noticed a two-headed ogre
  8690 | D:9      | Found a transporter.
  8698 | D:9      | Noticed a tengu warrior
  8705 | D:9      | Noticed a moth of wrath
  8932 | D:10     | Entered Level 10 of the Dungeon
  9023 | D:10     | Reached skill level 5 in Armour
  9893 | D:10     | Found a staircase to the Lair.
  9982 | Lair:1   | Entered Level 1 of the Lair of Beasts
 10023 | Lair:1   | Noticed Nergalle
 10033 | Lair:1   | Killed Nergalle
 10165 | Lair:1   | Learned a level 2 spell: Wereblood
 10183 | Lair:1   | Reached skill level 10 in Dodging
 10183 | Lair:1   | Reached XP level 12. HP: 61/61 MP: 21/21
 10189 | Lair:1   | Reached skill level 1 in Transmutations
 10298 | Lair:1   | Slain by a cane toad

Illustrated notes

Levels and vault maps discovered:
D:1:      dpeg_arrival_ratfight, layout_basic, kennysheep_pointless_box,
          item_on_display_a
D:2:      layout_rooms, basic_altar
D:3:      layout_rooms, portal_sewer_entry_a
D:4:      layout_gridville, grunt_temple_overflow_order_and_chaos_2,
          grunt_dithmenos_smoke_and_mirrors, mainiacjoe_overflow_boulevard,
          minmay_temple_entry_large_hall
D:5:      layout_cave_pods, fedhas_altar_1, tgw_xom, serial_shops,
          nicolae_shop_tiny_real_fake_doors, uniq_grinder, uniq_pikel
D:6:      layout_basic, uniq_crazy_yiuf_cottage
D:7:      layout_rooms, uniq_joseph, uniq_prince_ribbit1
D:8:      layout_basic, gammafunk_temple_overflow_forgotten
D:9:      layout_rooms, erik_orc_1, gammafunk_ghost_wrathful_warriors,
          serial_shops, nicolae_shop_tiny_statue_garden, minmay_misc_feat_cross,
          minivault_21, minmay_misc_feat_tower, hangedman_decor_slide_cut
D:10:     layout_loops_ring, erik_lair_island, nicolae_nh_ransacked_shop
D:11:     layout_basic, uniq_sonja
Temple:   nicolae_temple_figure_eight
Lair:1:   layout_regular_city, portal_ice_cave_entry_imps, lemuel_fruit_tree,
          uniq_gastronok, uniq_nergalle

Skill      XL: |  1  2  3  4  5  6  7  8  9 10 11 12 |
---------------+-------------------------------------+-----
Fighting       | 3 4 5 |  5.0
Ranged Weapons | 6 7 8 10 13 14 | 14.0
Dodging        | 5 6 10 | 10.0
Spellcasting   | 3 6 |  6.1
Ice Magic      | 3 6 |  6.1
Invocations    | 3 6 |  6.0
Armour         | 5 |  5.0
Transmutations | 3 |  3.8
Stealth        | |  1.3

Action                     |  1- 3 |  4- 6 |  7- 9 | 10-12 || total
---------------------------+-------+-------+-------+-------++-------
   Fire: Shortbow          |    67 |   140 |   163 |   333 ||   703
   Cast: Wereblood         |       |       |       |     1 ||     1
 Invoke: Ancestor Life: Kn |       |       |     1 |       ||     1
    Use: Scroll            |     1 |    10 |     8 |     1 ||    20
         Potion            |       |       |     3 |     3 ||     6
 Armour: Leather armour    |     5 |    16 |     7 |       ||    28
         Steam dragon scal |       |       |       |     3 ||     3
         Troll leather arm |       |       |       |    54 ||    54
         Skin              |       |       |       |     1 ||     1
  Dodge: Dodged            |    24 |    69 |    55 |   194 ||   342

Table legend: (Time is in decaauts)
 A = Elapsed time spent in this place.
 B = Non-inter-level travel time spent in this place.
 C = Inter-level travel time spent in this place.
 D = Time resting spent in this place.
 E = Time spent auto-exploring this place.
 F = Levels seen in this place.
 G = Mean time per level.
                   A        B        C        D        E       F      G
               +--------+--------+--------+--------+--------+-----+--------+
         Total |  10606 |  10163 |    443 |    941 |   7598 |  14 |  757.6 |
       Dungeon |   9471 |   9074 |    397 |    875 |   6904 |  11 |  861.0 |
        Temple |    260 |    215 |     45 |      0 |    213 |   1 |  260.0 |
          Lair |    330 |    330 |      0 |     66 |     79 |   1 |  330.0 |
         Sewer |    543 |    543 |      0 |      0 |    402 |   1 |  543.0 |
               +--------+--------+--------+--------+--------+-----+--------+

Top non-repeatable levels by time:
     D:6: 1288 daAuts
     D:4: 1144 daAuts
     D:5: 1052 daAuts
     D:3: 961 daAuts
     D:1: 956 daAuts
     D:7: 952 daAuts
    D:10: 932 daAuts
     D:9: 838 daAuts
     D:8: 691 daAuts
   Sewer: 543 daAuts
     D:2: 506 daAuts
  Lair:1: 330 daAuts
  Temple: 260 daAuts
    D:11: 147 daAuts
